 Dungeon Crawl Stone Soup version 0.31.0-32-g396128a36d (webtiles) character file.

Game seed: 14927069028268708133

11092 Peloso the Carver (level 11, -4/101 HPs)
             Began as a Minotaur Fighter on Mar 8, 2024.
             Was a Priest of Okawaru.
             Slain by a boulder beetle (37 damage)
             ... on level 11 of the Dungeon.
             The game lasted 00:18:02 (11469 turns).

Peloso the Carver (Minotaur Fighter)               Turns: 11469, Time: 00:18:03

Health: -4/101     AC: 13    Str: 20    XL:     11   Next: 44%
Magic:  10/10      EV: 11    Int:  7    God:    Okawaru [***...]
Gold:   646        SH:  7    Dex: 21    Spells: 10/10 levels left

rFire   + . .        a - +0 scimitar
rCold   + + .        d - +0 buckler
rNeg    . . .        v - +0 chain mail
rPois   .            (helmet restricted)
rElec   .            q - scarf {rC+ rF+}
rCorr   .            (no gloves)
SInv    .            c - +0 pair of boots
Will    .....        (no amulet) Stlth
                     e - +6 ring of dexterity
HPRegen 0.36/turn    s - ring of Zistagri {+Blink rC+ Int+2}
MPRegen 0.12/turn

%: no passive effects
@: no status effects
A: horns 2, retaliatory headbutt
a: Renounce Religion, Evoke Blink, Heroism


You were on level 11 of the Dungeon.
You worshipped Okawaru.
Okawaru was most pleased with you.
You visited 2 branches of the dungeon, and saw 12 of its levels.
You also visited: Bailey.

You collected 646 gold pieces.

Inventory:

Hand Weapons
 a - a +0 scimitar (weapon)
 b - a +2 falchion of flaming
Missiles
 K - 2 throwing nets (quivered)
Armour
 c - a +0 pair of boots (worn)
 d - a +0 buckler (worn)
 q - a scarf of resistance (worn)
 v - a +0 chain mail (worn)
Jewellery
 e - a +6 ring of dexterity (left hand)
 o - a +6 ring of intelligence
 s - the ring of Zistagri (right hand) {+Blink rC+ Int+2}
   (You found it on level 4 of the Dungeon)

   [ring of protection from cold]

   Int+2:     It affects your intelligence (+2).
   rC+:       It protects you from cold.
   +Blink:    It lets you blink.
 H - a ring of ice
Wands
 f - a wand of polymorph (10)
 l - a wand of iceblast (2)
 w - a wand of paralysis (6)
 J - a wand of quicksilver (6)
Scrolls
 j - 3 scrolls of teleportation
 k - 3 scrolls of fog
 p - a scroll of revelation {unknown}
 t - a scroll of acquirement
 A - a scroll of fear
 B - a scroll of butterflies {unknown}
 D - a scroll of enchant weapon {unknown}
 E - a scroll of enchant armour
 I - a scroll of amnesia {unknown}
 M - a scroll of immolation {unknown}
 N - a scroll of vulnerability
Potions
 g - a potion of magic
 h - 2 potions of brilliance
 i - 3 potions of attraction
 m - a potion of might
 n - 2 potions of curing
 x - a potion of enlightenment
 z - 2 potions of resistance
 C - 2 potions of haste
 F - 2 potions of invisibility
 G - 2 potions of heal wounds
Miscellaneous
 L - a condenser vane (inert)


   Skills:
 + Level 10.4 Fighting
 + Level 12.9 Long Blades
 + Level 11.3 Armour
 + Level 5.1 Dodging
 + Level 2.3 Stealth
 + Level 8.6 Shields
 + Level 0.9 Unarmed Combat


You had 10 spell levels left.
You didn't know any spells.
Your spell library contained the following spells:

 Spells                   Type           Power      Damage    Failure   Level
 Apportation              Tloc           0%         N/A       96%         1
 Foxfire                  Conj/Fire      0%         2x1d4     96%         1
 Necrotise                Necr           0%         1d4       96%         1
 Sandblast                Erth           0%         2d4       96%         1
 Sting                    Conj/Alch      0%         1d3       96%         1
 Ensorcelled Hibernation  Hex/Ice        0%         N/A       99%         2
 Sublimation of Blood     Necr           0%         N/A       99%         2
 Fugue of the Fallen      Necr           0%         N/A       100%        3
 Inner Flame              Hex/Fire       0%         N/A       100%        3
 Passwall                 Erth           0%         N/A       100%        3
 Sigil of Binding         Hex            0%         N/A       100%        3
 Stone Arrow              Conj/Erth      0%         3d7       100%        3
 Vampiric Draining        Necr           0%         2d6       100%        3
 Anguish                  Hex/Necr       0%         N/A       100%        4
 Brom's Barrelling Bould  Conj/Erth      0%         2d3       100%        4
 Dimensional Bullseye     Hex/Tloc       0%         N/A       100%        4
 Flame Wave               Conj/Fire      0%         2d4       100%        4
 Iskenderun's Mystic Bla  Conj/Tloc      0%         2d3       100%        4
 Sticky Flame             Fire/Alch      0%         2d4       100%        4
 Curse of Agony           Necr           0%         N/A       100%        5
 Fireball                 Conj/Fire      0%         3d3       100%        5
 Iskenderun's Battlesphe  Conj           0%         2d6       100%        5
 Conjure Ball Lightning   Conj/Air       0%         3x3d6     100%        6
 Plasma Beam              Fire/Air       0%         2x1d10    100%        6
 Starburst                Conj/Fire      0%         6d3       100%        6
 Orb of Destruction       Conj           0%         9d5       100%        7
 Summon Small Mammal      Summ           Unusable   N/A       N/A         1
 Call Imp                 Summ           Unusable   N/A       N/A         2
 Call Canine Familiar     Summ           Unusable   N/A       N/A         3
 Summon Ice Beast         Ice/Summ       Unusable   N/A       N/A         3
 Tukima's Dance           Hex            Unusable   N/A       N/A         3
 Martyr's Knell           Necr/Summ      Unusable   N/A       N/A         4
 Summon Mana Viper        Hex/Summ       Unusable   N/A       N/A         5
 Monstrous Menagerie      Summ           Unusable   N/A       N/A         7
 Summon Hydra             Summ           Unusable   N/A       N/A         7

Dungeon Overview and Level Annotations

Branches:
Dungeon (11/15)            Temple (1/1) D:7            Lair (0/5) D:9
    Orc (0/2) D:10         Bailey (visited)

Altars:
Ashenzari
Cheibriados
Dithmenos
Elyvilon
Fedhas
Gozag
Hepliaklqana
Kikubaaqudgha
Makhleb
Nemelex Xobeh
Okawaru
Qazlal
Ru
Sif Muna
Trog
Uskayaw
Vehumet
Wu Jian
Xom
Yredelemnul
Zin
The Shining One

Shops:
D:5 [   D:6 *   D:10 [   D:11 !

Annotations:
D:3 2 transporters, ebbelito1337's ghost, amateur HOBe
D:7 1 runed translucent door, Godo's ghost, novice DECj


Innate Abilities, Weirdness & Mutations

You have a pair of horns on your head.
You reflexively headbutt those who attack you in melee.


Message History

You block the boulder beetle's attack.
You hit the boulder beetle but do no damage.
The boulder beetle is lightly wounded.
You slash the boulder beetle! You headbutt the boulder beetle.
The boulder beetle is moderately wounded.
The boulder beetle bites you!
You hit the boulder beetle. You headbutt the boulder beetle.
The boulder beetle is heavily wounded.
The boulder beetle bites you.
You hit the boulder beetle.
The boulder beetle is heavily wounded.
The boulder beetle bites you but does no damage.
You hit the boulder beetle but do no damage.
The boulder beetle is heavily wounded.
You block the boulder beetle's attack.
You hit the boulder beetle but do no damage.
The boulder beetle is heavily wounded.
You hit the boulder beetle but do no damage.
You headbutt the boulder beetle, but do no damage.
The boulder beetle is heavily wounded.
The boulder beetle bites you.
You hit the boulder beetle but do no damage.
The boulder beetle is heavily wounded.
The boulder beetle leaps!
Clouds condense from the air!
The condenser dries out!
Unknown command.
The boulder beetle is engulfed in noxious fumes.
The boulder beetle curls into a ball and begins rolling!
The boulder beetle is engulfed in noxious fumes.
Aiming: Iceblast
Press: ? - help, Shift-Dir - straight line, f/p - boulder beetle
Aim: a boulder beetle (heavily wounded, rolling)
The mass of ice explodes!
The iceblast engulfs the boulder beetle but does no damage.
The boulder beetle is heavily wounded.
Unknown command.
You hit the boulder beetle.
The boulder beetle is heavily wounded.
The boulder beetle hits you!!!
You die...

##.### #.# ##...#
#.# .....#####.#
.........#.#
.....###.#.#######
###### #.#.......#
##.....###.#
................#
###############.@#.
... .#.B...#
############.#°#.###
.............#°....
##..|....>...§.....
#..........§...##.)
#..........§.§.# ##.
#......<..<....# ..
#..............#


You could see a boulder beetle (rolling).

Vanquished Creatures
  2 vault guards (Bailey)
  An ugly thing (D:10)
  A komodo dragon (D:9)
  3 trolls
  Prince Ribbit (Bailey)
  A hornet (D:9)
  3 wraiths
  15 yaks
  3 humans (Bailey)
  Eustachio (D:4)
  A steam dragon (D:8)
  A basilisk (D:11)
  An acid dragon (D:8)
  A water moccasin (D:7)
  4 orc warriors
  An ice beast (D:6)
  3 black bears (D:7)
  2 ogres
  A centaur (D:6)
  3 phantoms
  2 kobold brigands
  3 gnoll sergeants
  11 bullfrogs
  6 scorpions
  7 wights
  7 killer bees
  2 howler monkeys (D:9)
  A jelly (D:6)
  3 orc priests
  A bombardier beetle (D:5)
  4 hounds
  A sleepcap (D:6)
  A gnoll bouda (D:5)
  An iguana (D:9)
  6 orc wizards
  A hound zombie (D:4)
  42 gnolls
  11 adders
  3 shadow imps
  3 white imps (D:7)
  2 ufetubi (D:5)
  2 adder zombies (D:4)
  A ribbon worm (D:4)
  3 dart slugs
  29 orcs
  6 endoplasms
  6 giant cockroaches
  14 goblins
  3 hobgoblins (D:2)
  3 jackals (D:1)
  11 kobolds
  2 quokkas
  4 ball pythons
  4 bats
  3 frilled lizards
  A rat (D:1)
259 creatures vanquished.

Notes
Turn   | Place    | Note
-------+----------+-------------------------------------------
     0 | D:1      | Peloso the Minotaur Fighter began the quest for the Orb.
     0 | D:1      | Reached XP level 1. HP: 19/19 MP: 0/0
   123 | D:1      | Reached XP level 2. HP: 15/27 MP: 1/1
   447 | D:1      | Found a faded altar of an unknown god.
   806 | D:1      | Reached XP level 3. HP: 33/33 MP: 2/2
  1328 | D:2      | Reached skill level 3 in Long Blades
  1348 | D:2      | Reached XP level 4. HP: 35/40 MP: 3/3
  1714 | D:2      | You fall into a shaft and drop 1 floor!
  1802 | D:3      | Found a transporter.
  1805 | D:3      | Noticed ebbelito1337's ghost (amateur HOBe)
  1813 | D:3      | Found a transporter.
  1818 | D:3      | Reached skill level 4 in Long Blades
  1858 | D:3      | Reached skill level 1 in Dodging
  1869 | D:3      | Reached skill level 5 in Armour
  1869 | D:3      | Reached XP level 5. HP: 15/46 MP: 4/4
  2609 | D:4      | Noticed a phantom
  2610 | D:4      | Noticed a phantom
  2734 | D:3      | Killed a phantom
  2735 | D:3      | Reached XP level 6. HP: 43/53 MP: 5/5
  2837 | D:3      | Reached skill level 5 in Long Blades
  2900 | D:4      | Noticed Eustachio
  2909 | D:4      | Killed Eustachio
  2910 | D:4      | Reached XP level 7. HP: 54/60 MP: 6/6
  3079 | D:4      | Reached skill level 5 in Shields
  3154 | D:4      | Identified the ring of Zistagri {+Blink rC+ Int+2}
  3189 | D:4      | Reached skill level 6 in Long Blades
  3488 | D:5      | Entered Level 5 of the Dungeon
  3516 | D:5      | Reached skill level 5 in Fighting
  3829 | D:5      | Reached skill level 7 in Long Blades
  3837 | D:5      | Reached XP level 8. HP: 47/69 MP: 7/7
  4010 | D:5      | Found Rarhuj's Armour Boutique.
  4855 | D:6      | Found Cenoq's General Store.
  4905 | D:6      | Reached skill level 8 in Long Blades
  5415 | D:6      | Reached XP level 9. HP: 65/78 MP: 8/8
  5492 | D:6      | Reached skill level 9 in Long Blades
  5773 | D:7      | Found a runed translucent door.
  5780 | D:7      | Noticed Godo's ghost (novice DECj)
  5789 | D:7      | Identified a scroll of acquirement
  5925 | D:7      | Reached skill level 10 in Long Blades
  6005 | D:7      | Found a flagged portal.
  6017 | Bailey   | Entered a bailey
  6218 | Bailey   | Reached skill level 1 in Stealth
  6346 | Bailey   | Noticed Prince Ribbit
  6346 | Bailey   | Noticed a vault guard
  6359 | Bailey   | Killed a vault guard
  6360 | Bailey   | Reached skill level 11 in Long Blades
  6360 | Bailey   | Reached XP level 10. HP: 86/88 MP: 9/9
  6361 | Bailey   | Killed Prince Ribbit
  6457 | Bailey   | Noticed a vault guard
  6465 | Bailey   | Killed a vault guard
  6904 | D:7      | Found a staircase to the Ecumenical Temple.
  6952 | Temple   | Entered the Ecumenical Temple
  6976 | Temple   | Became a worshipper of Warmaster Okawaru
  7054 | D:7      | Reached skill level 10 in Armour
  8116 | D:9      | Paralysed by a hornet for 1 turns
  8125 | D:8      | Paralysed by a hornet for 2 turns
  8570 | D:8      | Reached skill level 12 in Long Blades
  8689 | D:8      | Paralysed by a hornet for 3 turns
  8696 | D:9      | Reached * piety under Okawaru
  9371 | D:9      | Reached XP level 11. HP: 80/97 MP: 10/10
  9479 | D:9      | Found a glowing silver altar of Zin.
  9701 | D:9      | Found a staircase to the Lair.
  9915 | D:10     | Entered Level 10 of the Dungeon
  9915 | D:10     | Noticed a purple ugly thing
  9921 | D:10     | Killed a purple ugly thing
  9921 | D:10     | Reached ** piety under Okawaru
 10171 | D:10     | Found a staircase to the Orcish Mines.
 10547 | D:10     | Reached skill level 5 in Dodging
 10581 | D:10     | Reached skill level 10 in Fighting
 10996 | D:10     | Found Etzih's Antique Armour Emporium.
 11109 | D:11     | Found Cerun's Distillery.
 11324 | D:11     | Reached *** piety under Okawaru
 11438 | D:11     | Noticed a boulder beetle
 11469 | D:11     | Slain by a boulder beetle

Illustrated notes

Levels and vault maps discovered:
D:1:      mrwooster_arrival_arrow, layout_basic, serial_rivers,
          chequers_serial_rivers_small_3, chequers_serial_rivers_small_b,
          chequers_serial_rivers_small_3, chequers_serial_rivers_small_a,
          chequers_serial_rivers_room_b, ebering_ecumenical_altar_abandoned
D:2:      layout_loops_ring
D:3:      layout_rooms, gammafunk_ghost_mausoleum, kennysheep_cross_bottleneck
D:4:      layout_loops_ring, serial_undead, serial_undead_e, serial_undead_f,
          serial_undead_e, serial_undead_b, uniq_eustachio
D:5:      layout_basic, serial_shops, shop
D:6:      layout_basic, serial_shops, shop, minmay_quadrilaterals
D:7:      layout_loops_ring, minmay_temple_entry_drinking_statues,
          enter_bailey_3, ebering_ghost_reflecting_pool, minmay_misc_feat_rows,
          kennysheep_opposing_triangles
D:8:      layout_loops_ring, chequers_garden
D:9:      layout_rooms, lemuel_coloured_pillars_altar, david_lair_shrubbed
D:10:     layout_rooms, orc_0_dummy, serial_shops, shop, serial_bayou_pond_a,
          dreamdust_princess_corridor, amcnicky_mini_corridor_feature,
          kennysheep_generic_room_15
D:11:     layout_basic, serial_shops, kennysheep_mini
Temple:   mainiacjoe_temple_circle_huts

Skill      XL: |  1  2  3  4  5  6  7  8  9 10 11 |
---------------+----------------------------------+-----
Fighting       | 4 5 6 8 9 10 | 10.4
Armour         | 4 5 6 7 9 10 11 | 11.3
Long Blades    | 3 4 5 7 8 11 12 | 12.9
Shields        | 4 5 6 7 8 |  8.6
Dodging        | 1 2 3 4 5 |  5.1
Stealth        | 2 |  2.3
Unarmed Combat | |  0.9

Action                     |  1- 3 |  4- 6 |  7- 9 | 10-12 || total
---------------------------+-------+-------+-------+-------++-------
  Melee: Long sword        |    86 |    94 |   178 |       ||   358
         Headbutt          |     9 |    12 |    70 |    90 ||   181
         Unarmed           |       |     3 |       |       ||     3
         Scimitar          |       |       |   170 |   347 ||   517
 Invoke: Heroism           |       |       |       |     1 ||     1
  Evoke: Wand              |       |       |       |     2 ||     2
         Condenser vane    |       |       |       |     1 ||     1
    Use: Scroll            |     4 |     2 |     5 |    10 ||    21
         Potion            |     1 |       |     2 |     1 ||     4
 Armour: Scale mail        |    71 |    76 |    26 |       ||   173
         Skin              |       |     1 |       |       ||     1
         Chain mail        |       |       |   218 |   225 ||   443
  Dodge: Dodged            |    54 |    71 |   154 |   130 ||   409
  Block: Buckler           |    24 |    35 |    99 |    86 ||   244
